 Dungeon Crawl Stone Soup version 0.24.1-1-gd1d2a07e1b (webtiles) character file.

Game seed: 9001024370494237644, levelgen mode: deterministic

846 gruber the Cudgeler (level 8, -11/49 HPs)
             Began as a Gargoyle Fighter on Apr 10, 2020.
             Killed by divine providence
             ... invoked by an orc priest
              (13 damage)
             ... on level 6 of the Dungeon.
             The game lasted 00:06:38 (3781 turns).

gruber the Cudgeler (Gargoyle Fighter)              Turns: 3781, Time: 00:06:39

Health: -11/49     AC: 17    Str: 26    XL:     8   Next: 0%
Magic:  8/8        EV:  7    Int: 12    God:
Gold:   379        SH: 10    Dex:  9    Spells: 5/7 levels left

rFire    . . .     SeeInvis .   e - +1 whip (venom)
rCold    . . .     Gourm    .   c - +1 shield
rNeg     + . .     Faith    .   b - +0 scale mail
rPois    ∞         Spirit   .   j - +2 helmet
rElec    +         Reflect  .   (no cloak)
rCorr    .         Harm     .   (no gloves)
MR       .....                  l - +0 pair of boots
Stlth    ..........             y - amulet of inaccuracy (curse)
HPRegen  0.16/turn              p - +2 ring of intelligence
MPRegen  0.11/turn              (no ring)

@: mighty, hasted, very quick
A: negative energy resistance 1, electricity resistance, unbreathing,
petrification resistance, rot immunity, AC +5
a: no special abilities


You were on level 6 of the Dungeon.
You were hungry.

You visited 1 branch of the dungeon, and saw 6 of its levels.

You collected 379 gold pieces.

Inventory:

Hand Weapons
 a - a +1 flail of crushing
 e - a +1 whip of venom (weapon)
Missiles
 v - 6 javelins (quivered)
 w - 37 poisoned darts
Armour
 b - a +0 scale mail (worn)
 c - a +1 shield (worn)
 j - a +2 helmet (worn)
 l - a +0 pair of boots (worn)
Jewellery
 p - a +2 ring of intelligence (left hand)
 y - a cursed amulet of inaccuracy (around neck)
Scrolls
 i - a scroll of blinking
 k - 2 scrolls of identify
 r - 5 scrolls of teleportation
 u - a scroll of remove curse {unknown}
 B - a scroll of magic mapping
Potions
 h - 3 potions of berserk rage {unknown}
 m - 5 potions of curing {unknown}
 n - a potion of degeneration {unknown}
 o - a potion of resistance {unknown}
 q - 3 potions of heal wounds {unknown}
 s - a potion of cancellation {unknown}
 t - 2 potions of invisibility {unknown}
 x - 2 potions of brilliance {unknown}
 z - 3 potions of lignification {unknown}
 A - 2 potions of mutation {unknown}
Comestibles
 f - 9 rations


   Skills:
 - Level 5.1 Fighting
 - Level 7.0 Maces & Flails
 * Level 5.6 Armour
 - Level 3.2 Shields


You had 5 spell levels left.
You knew the following spells:

 Your Spells              Type           Power        Failure   Level  Hunger
a - Blink                 Tloc           N/A          99%         2    ###....

Your spell library contained the following spells:

 Spells                   Type           Power        Failure   Level  Hunger
 Magic Dart               Conj           #...         97%         1    ##.....
 Call Imp                 Summ           #.......     99%         2    ###....
 Slow                     Hex            #.......     99%         2    ###....
 Conjure Flame            Conj/Fire      #.......     100%        3    ####...
 Mephitic Cloud           Conj/Pois/Air  #.......     100%        3    ####...


Dungeon Overview and Level Annotations

Branches:
Dungeon (6/15)
 Temple: D:4-7

Altars:
Cheibriados
Vehumet

Shops:
D:5 %


Innate Abilities, Weirdness & Mutations

You are resistant to torment.
Your stone body is resilient. (AC +5)
You are immune to poison.
You resist negative energy. (rN+)
You are resistant to electric shocks. (rElec)
You can survive without breathing.
You are immune to petrification.
You are immune to rotting.


Message History

You feel yourself speed up. The phantom barely misses you.
The orc wizard hits you but does no damage.
You block the orc priest's attack.
The bullfrog zombie hits you but does no damage.
Unknown command.
Unknown command.
You miss the orc priest.
The orc priest is lightly wounded.
The phantom hits you.
* * * LOW HITPOINT WARNING * * *
The phantom blinks!
The orc wizard casts a spell at you. The puff of flame hits you.
* * * LOW HITPOINT WARNING * * *
The bullfrog zombie hits you.
* * * LOW HITPOINT WARNING * * *
The worm barely misses you.
The orc priest calls down the wrath of Beogh upon you.
Beogh smites you!
You die...

...... .........###
.oo... #.........#
.
......###.....†..#
.. .....##.......##
W.. ....##.....##
..w #..#.....#.###
#.. #...........#
#...###o.........##
#....w@Zo.......##
.......†§o....#...#
..............##..#
..##.........######
. #....W.....#
........[...#
.......#.#...#
..#....#.##.## #.
## ###


You could see a phantom, a worm, an orc priest, an orc wizard, an orc and a
bullfrog zombie.

Vanquished Creatures
  A centaur (D:5)
  2 scorpions
  2 howler monkeys
  A bullfrog zombie (D:4)
  A jelly (D:5)
  An orc priest (D:4)
  A bullfrog skeleton (D:5)
  3 hounds
  Terence (D:3)
  2 iguanas
  Natasha (thrice) (D:2)
  A worker ant (D:4)
  Robin (D:3)
  3 gnolls (D:5)
  7 adders
  An ooze (D:5)
  An adder zombie (D:5)
  An adder skeleton (D:4)
  2 worms
  A dart slug (D:4)
  4 leopard geckos
  8 orcs
  8 bats
  2 giant cockroaches (D:1)
  10 goblins
  5 hobgoblins
  11 jackals
  2 ball pythons
  5 frilled lizards
  4 kobolds
  A leopard gecko skeleton (D:4)
  6 rats
102 creatures vanquished.

Notes
Turn   | Place    | Note
-------+----------+-------------------------------------------
     0 | D:1      | gruber the Gargoyle Fighter began the quest for the Orb.
     0 | D:1      | Reached XP level 1. HP: 14/14 MP: 1/1
    82 | D:1      | Reached XP level 2. HP: 13/20 MP: 2/2
   576 | D:2      | Reached XP level 3. HP: 23/24 MP: 3/3
   654 | D:2      | Noticed Natasha
   687 | D:2      | Killed Natasha
   687 | D:2      | Reached skill level 3 in Maces & Flails
   928 | D:2      | Reached XP level 4. HP: 29/29 MP: 4/4
   976 | D:2      | Reached skill level 4 in Maces & Flails
  1500 | D:3      | Reached XP level 5. HP: 34/34 MP: 5/5
  1551 | D:2      | Noticed Natasha
  1564 | D:2      | Killed Natasha
  1625 | D:2      | Noticed Natasha
  1632 | D:2      | Killed Natasha
  1853 | D:3      | Found a radiant altar of Vehumet.
  1927 | D:3      | Reached skill level 5 in Maces & Flails
  2050 | D:3      | Reached XP level 6. HP: 38/39 MP: 6/6
  2056 | D:3      | Noticed Robin
  2083 | D:3      | Killed Robin
  2343 | D:3      | Noticed Terence
  2357 | D:3      | Killed Terence
  2725 | D:4      | Reached skill level 6 in Maces & Flails
  2811 | D:4      | Reached XP level 7. HP: 38/44 MP: 7/7
  2976 | D:4      | Reached skill level 7 in Maces & Flails
  2999 | D:4      | Learned a level 2 spell: Blink
  3085 | D:4      | Found a snail-covered altar of Cheibriados.
  3196 | D:5      | Entered Level 5 of the Dungeon
  3204 | D:5      | Reached skill level 5 in Fighting
  3365 | D:5      | Found Cawk's Food Shop.
  3422 | D:5      | Reached skill level 5 in Armour
  3736 | D:6      | Reached XP level 8. HP: 49/49 MP: 8/8
  3781 | D:6      | HP: 2/49 [bullfrog zombie (2)]
  3781 | D:6      | Killed from afar by an orc priest

Levels and vault maps discovered:
D:1:      giann_bridges, layout_basic
D:2:      layout_loops_corners, uniq_natasha
D:3:      layout_loops_corners, vehumet_crystals,
          minmay_randomly_rotated_circles, uniq_robin, uniq_terence
D:4:      minmay_evil_eye, layout_rooms, cheibriados_altar_1
D:5:      layout_cave_pools, serial_shops, shop, first_ration, st_stairs_7,
          minmay_misc_feat_five
D:6:      layout_cave_pools, trog_eyes_of_draining, minmay_temple_entry_mist,
          minmay_ogre_servants

Skill      XL: |  1  2  3  4  5  6  7 |
---------------+----------------------+-----
Fighting       | 4 5 |  5.1
Maces & Flails | 3 4 5 6 7 |  7.0
Armour         | 5 |  5.6
Shields        | |  3.2

Action                   |  1- 3 |  4- 6 |  7- 9 || total
-------------------------+-------+-------+-------++-------
Melee: Flail             |   115 |   189 |     9 ||   313
       Whip              |       |   117 |    99 ||   216
  Use: Scroll            |       |     9 |       ||     9
       Potion            |       |       |     2 ||     2
  Eat: Chunk             |       |     3 |     3 ||     6
       Ration            |       |     1 |       ||     1
Armor: Scale mail        |    64 |   149 |    70 ||   283
Dodge: Dodged            |    48 |    97 |    32 ||   177
Block: Shield            |    54 |   154 |    54 ||   262
